 Dungeon Crawl Stone Soup version 0.23-a0-451-g1044d4c (webtiles) character file.

5721 Moebius the Thaumaturge (level 10, -20/54 HPs)
             Began as a Deep Elf Fire Elementalist on Nov 23, 2018.
             Was a Believer of Vehumet.
             Hit by a large rock thrown by a cyclops (47 damage)
             ... on level 10 of the Dungeon.
             The game lasted 00:57:39 (9647 turns).

Moebius the Thaumaturge (DEFE)                      Turns: 9647, Time: 00:57:39

Health: -20/54     AC:  6    Str:  9 (11) XL:     10   Next: 48%
Magic:  9/36       EV: 12    Int: 23 (24) God:    Vehumet [**....]
Gold:   498        SH:  0    Dex: 17 (19) Spells: 15/31 levels left

rFire    . . .     SeeInvis .   z - +3 quarterstaff (chaos)
rCold    . . .     Gourm    .   (shield currently unavailable)
rNeg     . . .     Faith    .   F - +0 leather armour of Filth {MR++ Str+6 Stlth-}
rPois    .         Spirit   .   (helmet restricted)
rElec    .         Reflect  .   A - +0 cloak
rCorr    .         Harm     .   (no gloves)
MR       +++..                  (no boots)
Stlth    +.........             (no amulet)
HPRegen  0.18/turn              r - ring of magical power
MPRegen  0.25/turn              p - +4 ring of dexterity

@: very slightly contaminated, studying Short Blades
A: horns 1, iridescent scales 1
a: Renounce Religion


You were on level 10 of the Dungeon.
You worshipped Vehumet.
Vehumet was pleased with you.
You were not hungry.

You visited 2 branches of the dungeon, and saw 12 of its levels.

You collected 651 gold pieces.
You spent 153 gold pieces at shops.

Inventory:

Hand Weapons
 k - a +1 dagger
 l - the +4 great mace "Dout" {antimagic, +Inv rN++ Str+4}
   (You found it on level 5 of the Dungeon)

   It reduces the magical energy of the wielder, and disrupts the spells and
   magical abilities of those hit.
   Natural abilities and divine invocations are not affected.
   It affects your strength (+4).
   It greatly protects you from negative energy.
   It lets you turn invisible.
 q - a +0 blowgun
 z - a +3 quarterstaff of chaos (weapon)
 C - a +2 shortbow of freezing
Missiles
 g - 468 stones (quivered)
 o - 215 arrows
 s - 57 poisoned needles
Armour
 A - a +0 cloak (worn)
 D - the +1 robe of Amorality {rN+}
   (You bought it in a shop on level 6 of the Dungeon)

   It protects you from negative energy.
 F - the +0 leather armour of Filth (worn) {MR++ Str+6 Stlth-}
   (You found it on level 8 of the Dungeon)

   It affects your strength (+6).
   It affects your resistance to hostile enchantments.
   It makes you less stealthy.
Jewellery
 n - a +2 ring of slaying
 p - a +4 ring of dexterity (right hand)
 r - a ring of magical power (left hand)
 G - a +3 ring of evasion
Wands
 a - a wand of iceblast (17)
 m - a wand of paralysis (3)
 x - a wand of flame (18)
 y - a wand of random effects (2)
 H - a wand of acid (11)
Scrolls
 d - 2 scrolls of enchant weapon
 e - 3 scrolls of identify
 f - a scroll of immolation
 t - 2 scrolls of magic mapping
 v - 6 scrolls of remove curse
 B - a scroll of blinking
Potions
 b - a potion of brilliance
 h - 5 potions of agility
 i - a potion of invisibility
 j - a potion of lignification
 w - 3 potions of curing
 E - a potion of might
 I - a potion of ambrosia
 J - a potion of flight
Books
 u - a manual of Short Blades
Comestibles
 c - 13 rations
 K - 2 chunks of flesh


   Skills:
 + Level 2.4 Fighting
 + Level 1.2 Staves
 + Level 7.3 Bows
 + Level 3.3 Throwing
 - Level 2.4 Dodging
 - Level 2.4 Stealth
 + Level 11.1 Spellcasting
 + Level 8.0 Conjurations
 + Level 8.7 Fire Magic


You had 15 spell levels left.
You knew the following spells:

 Your Spells              Type           Power        Failure   Level  Hunger
a - Flame Tongue          Conj/Fire      #####        1%          1    None
b - Conjure Flame         Conj/Fire      ######..     1%          3    None
c - Sticky Flame          Conj/Fire      ######..     2%          4    None
d - Fireball              Conj/Fire      ######....   6%          5    ####...
e - Stone Arrow           Conj/Erth      ####..       4%          3    None

Your spell library contained the following spells:

 Spells                   Type           Power        Failure   Level  Hunger
 Static Discharge         Conj/Air       ####....     4%          3    None
 Throw Flame              Conj/Fire      ######       1%          2    None
 Inner Flame              Hex/Fire       ####....     3%          3    None
 Sandblast                Erth           ##....       7%          1    None
 Passwall                 Tmut/Erth      ##......     11%         2    None
 Petrify                  Tmut/Erth      ##......     56%         4    None
 Lee's Rapid Deconstruct  Erth           ##........   89%         5    ####...


Dungeon Overview and Level Annotations

Branches:
Dungeon (11/15)            Temple (1/1) D:5            Lair (0/6) D:10
    Orc: D:9-12

Altars:
Ashenzari
Cheibriados
Dithmenos
Elyvilon
Fedhas
Gozag
Hepliaklqana
Kikubaaqudgha
Makhleb
Nemelex Xobeh
Okawaru
Qazlal
Ru
Sif Muna
Trog
Uskayaw
Vehumet
Wu Jian
Xom
Yredelemnul
Zin
The Shining One

Shops:
D:6 }*![   D:9 *


Innate Abilities, Weirdness & Mutations

You have a pair of small horns on your head.
You are partially covered in iridescent scales. (AC +2)


Message History

Casting: Flame Tongue (safe; 1% risk of failure)
Confirm with . or Enter, or press ? or * to list all spells.
Aiming: Fireball (safe; 6% risk of failure)
Press: ? - help, Shift-Dir - straight line, f - cyclops
Aim: a cyclops (hasn't noticed you)
The fireball explodes!
The fireball engulfs the cyclops.
The cyclops is lightly wounded.
The cyclops shouts!
The cyclops throws a large rock.
The large rock hits you!!
Ouch! That really hurt!
Casting: Fireball (safe; 6% risk of failure)
Confirm with . or Enter, or press ? or * to list all spells.
Aiming: Fireball (safe; 6% risk of failure)
Press: ? - help, Shift-Dir - straight line, f/p - cyclops
Aim: a cyclops (lightly wounded)
The fireball explodes!
The fireball engulfs the cyclops.
The cyclops is heavily wounded.
The cyclops throws a large rock.
The large rock hits you!!!
Ouch! That really hurt!
You die...

#.......#
##+####### #......
##.......#
#........# #$..y..
#........#
'.......$#......(..
.........+
#........#.####.###
#........#
#....C...' ..
...#.....#
#........# ...
.#..#....#
#......... ...
.##.##+### #'###
...8 ....# #@..#
P..≈#+### ###'###
PP..#...# #.....#
.##.#...+ #.###.#
.#..#...# #.#...#
...#....# #.#.###
#.......# #.#...#
........# +.###.+
.###'#### #.....#


You could see a cyclops.

Vanquished Creatures
  A two-headed ogre (D:8)
  Grinder (D:6)
  4 yaks (D:9)
  3 hogs (D:9)
  A hungry ghost (D:10)
  A human (D:9)
  Menkaure (D:7)
  An acid dragon (D:6)
  3 sky beasts
  3 black bears (D:9)
  2 phantoms
  An ice beast (D:6)
  An eye of draining (D:10)
  A necrophage (D:6)
  4 ogres
  3 centaurs
  2 bullfrogs (D:6)
  4 big kobolds
  A gnoll sergeant (D:6)
  2 scorpions
  2 jellies
  5 howler monkeys
  A quasit (D:10)
  3 crimson imps
  A bullfrog zombie (D:7)
  2 hounds
  Crazy Yiuf (D:4)
  4 iguanas
  2 worker ants (D:4)
  Natasha (D:4)
  7 orc wizards
  3 killer bee zombies
  A hound zombie (D:10)
  A hound skeleton (D:6)
  A worker ant zombie (D:8)
  4 gnolls (D:5)
  16 adders
  8 shadow imps
  An ooze (D:5)
  An adder zombie (D:6)
  3 adder skeletons
  2 worms
  2 leopard geckos (D:3)
  14 orcs
  7 bats
  4 giant cockroaches
  12 goblins
  6 hobgoblins
  10 jackals
  23 kobolds
  7 quokkas
  5 frilled lizards
  2 jackal skeletons
  5 rats
  A fungus (D:4)
208 creatures vanquished.

Vanquished Creatures (others)
  A plant (D:10)
1 creature vanquished.

Grand Total: 209 creatures vanquished

Notes
Turn   | Place    | Note
-------+----------+-------------------------------------------
     0 | D:1      | Moebius the Deep Elf Fire Elementalist began the quest for
                  | the Orb.
     0 | D:1      | Reached XP level 1. HP: 10/10 MP: 6/6
   131 | D:1      | Reached XP level 2. HP: 11/15 MP: 0/8
  1278 | D:2      | Reached XP level 3. HP: 9/19 MP: 10/10
  1283 | D:2      | Learned a level 3 spell: Conjure Flame
  1535 | D:2      | Reached skill level 4 in Spellcasting
  1722 | D:2      | Reached XP level 4. HP: 20/24 MP: 12/12
  1728 | D:2      | Learned a level 4 spell: Sticky Flame
  2622 | D:4      | Reached skill level 5 in Spellcasting
  2622 | D:4      | Reached XP level 5. HP: 28/28 MP: 13/14
  2630 | D:4      | Reached skill level 5 in Fire Magic
  2779 | D:5      | Entered Level 5 of the Dungeon
  2800 | D:4      | Reached XP level 6. HP: 32/32 MP: 16/16
  2807 | D:4      | Learned a level 5 spell: Fireball
  2873 | D:4      | Noticed Natasha
  2879 | D:4      | Killed Natasha
  2927 | D:4      | Reached skill level 1 in Throwing
  3068 | D:4      | Reached skill level 6 in Spellcasting
  3343 | D:4      | Reached XP level 7. HP: 21/36 MP: 2/18
  3638 | D:4      | Found a runed door.
  3643 | D:4      | Noticed Crazy Yiuf
  3648 | D:4      | Killed Crazy Yiuf
  3772 | D:5      | Reached skill level 7 in Spellcasting
  3940 | D:5      | Got a faintly glowing great mace
  3941 | D:5      | Identified the +4 great mace "Dout" {antimagic, +Inv rN++
                  | Str+4} (You found it on level 5 of the Dungeon)
  4371 | D:5      | Found a staircase to the Ecumenical Temple.
  4380 | Temple   | Entered the Ecumenical Temple
  4478 | Temple   | Learned a level 3 spell: Stone Arrow
  4478 | Temple   | Became a worshipper of Vehumet
  4736 | D:6      | Found Sykuoshi's Antique Armour Shop.
  4750 | D:6      | Bought a sheer robe for 153 gold pieces
  4750 | D:6      | Identified the cursed +1 robe of Amorality {rN+} (You
                  | bought it in a shop on level 6 of the Dungeon)
  4856 | D:6      | Reached skill level 1 in Bows
  5078 | D:6      | Found a large runed door.
  5079 | D:6      | Found a large runed door.
  5121 | D:6      | You fall through a shaft for 3 floors!
  5121 | D:9      | Found a bloodstained altar of Trog.
  5131 | D:9      | Reached XP level 8. HP: 42/42 MP: 21/21
  5155 | D:9      | Reached skill level 1 in Staves
  5232 | D:9      | Reached skill level 5 in Conjurations
  5234 | D:9      | Reached skill level 8 in Spellcasting
  5235 | D:9      | Reached skill level 1 in Fighting
  5371 | D:8      | Noticed a two-headed ogre
  5380 | D:8      | Killed a two-headed ogre
  5380 | D:8      | Reached skill level 5 in Bows
  5380 | D:8      | Reached XP level 9. HP: 45/47 MP: 23/23
  5513 | D:8      | Reached * piety under Vehumet
  5513 | D:8      | Offered knowledge of Freeze by Vehumet.
  5513 | D:8      | Reached skill level 9 in Spellcasting
  5955 | D:8      | Got an encrusted leather armour
  5956 | D:8      | Identified the cursed +0 leather armour of Filth {MR++
                  | Str+6 Stlth-} (You found it on level 8 of the Dungeon)
  5998 | D:8      | Gained mutation: Your spells are a little easier to cast,
                  | but a little less powerful. [potion of mutation]
  5998 | D:8      | Gained mutation: Your magical capacity is low. (-10% MP)
                  | [potion of mutation]
  5998 | D:8      | Gained mutation: You occasionally shout uncontrollably at
                  | your foes. [potion of mutation]
  5998 | D:8      | Lost mutation: Your spells are a little easier to cast, but
                  | a little less powerful. [potion of mutation]
  6298 | D:7      | Found a shadowy altar of Dithmenos.
  6431 | D:6      | Found Ariulum's General Store.
  6519 | D:6      | Lost mutation: Your magical capacity is low. (-10% MP)
                  | [potion of mutation]
  6519 | D:6      | Lost mutation: You occasionally shout uncontrollably at
                  | your foes. [potion of mutation]
  6519 | D:6      | Gained mutation: You are partially covered in iridescent
                  | scales. (AC +2) [potion of mutation]
  6519 | D:6      | Gained mutation: You have a pair of small horns on your
                  | head. [potion of mutation]
  6584 | D:6      | Found Wabot's Distillery.
  6622 | D:6      | Found a large runed door.
  6622 | D:6      | Found a large runed door.
  6887 | D:6      | Offered knowledge of Shock by Vehumet.
  6888 | D:6      | Reached XP level 10. HP: 35/54 MP: 14/25
  6965 | D:6      | Reached ** piety under Vehumet
  7222 | D:6      | Found Igim's Gadget Emporium.
  7246 | D:6      | Reached skill level 10 in Spellcasting
  7251 | D:6      | Noticed Grinder
  7263 | D:6      | Killed Grinder
  7368 | D:7      | Noticed Menkaure
  7370 | D:7      | Killed Menkaure
  7452 | D:7      | Found a bloodstained altar of Trog.
  8151 | D:10     | Entered Level 10 of the Dungeon
  8510 | D:9      | Reached skill level 11 in Spellcasting
  8545 | D:9      | Found Jaro's General Store.
  8968 | D:10     | Noticed a centaur warrior
  9546 | D:10     | Found a staircase to the Lair.
  9641 | D:10     | Offered knowledge of Static Discharge by Vehumet.
  9645 | D:10     | Noticed a cyclops
  9647 | D:10     | Hit by a large rock thrown by a cyclops

Vault maps used:
D:1:      roderic_chinese_lattice_arrival
D:2:      first_ration
D:4:      uniq_crazy_yiuf_cottage, uniq_natasha
D:5:      minmay_temple_entry_junction, minivault_27
D:6:      serial_shops, shop_fountains, shop, shop_statue, shop,
          minmay_hollow_rounded_squares, uniq_grinder
D:7:      grunt_dithmenos_smoke_and_mirrors, trog_hazing_becter, uniq_menkaure
D:9:      enter_bailey_2, serial_shops, nicolae_shop_behind_doors,
          minmay_misc_feat_encased, grunt_livestock, trog_ov_bears_minmay
D:10:     dpeg_oklobed_lair, minivault_28
D:11:     uniq_erica, uniq_urug
Temple:   grunt_wide_crystal_templ

Skill      XL: |  1  2  3  4  5  6  7  8  9 10 |
---------------+-------------------------------+-----
Fire Magic     | 4 5 6 7 8 |  8.7
Spellcasting   | 4 5 6 7 8 9 11 | 11.1
Conjurations   | 2 3 4 6 7 8 |  8.0
Throwing       | 1 2 3 |  3.3
Bows           | 1 5 7 |  7.3
Staves         | 1 |  1.2
Fighting       | 1 2 |  2.4
Dodging        | |  2.4
Stealth        | |  2.4

Action                   |  1- 3 |  4- 6 |  7- 9 | 10-12 || total
-------------------------+-------+-------+-------+-------++-------
Melee: Club              |     3 |       |       |       ||     3
       Dagger            |    15 |       |    22 |       ||    37
       Quarterstaff      |       |       |     8 |    17 ||    25
       Headbutt          |       |       |       |     5 ||     5
       Shortbow          |       |       |       |     1 ||     1
 Fire: Blowgun           |       |    20 |    12 |       ||    32
       Shortbow          |       |       |    97 |     4 ||   101
 Cast: Flame Tongue      |    65 |    90 |   121 |    76 ||   352
       Conjure Flame     |     1 |     3 |    10 |     1 ||    15
       Sticky Flame      |       |    11 |    13 |     8 ||    32
       Fireball          |       |     1 |    16 |    12 ||    29
       Stone Arrow       |       |       |     4 |       ||     4
Evoke: Wand              |       |       |     9 |     1 ||    10
  Use: Potion            |     4 |       |     6 |     5 ||    15
       Scroll            |     7 |       |     8 |     6 ||    21
 Stab: Sleeping          |     1 |       |       |       ||     1
  Eat: Chunk             |     2 |     7 |     8 |     4 ||    21
       Ration            |       |       |     2 |     3 ||     5
Armor: Robe              |     3 |     5 |    18 |     9 ||    35
       Skin              |       |       |     7 |       ||     7
       Leather armour    |       |       |       |     7 ||     7
Dodge: Dodged            |    30 |    27 |    66 |    43 ||   166

Table legend:
 A = Non-vault XP
 B = Vault XP
 C = Vault XP percentage of total XP
 D = Non-vault monster count
 E = Vault monster count
 F = Vault count percentage of total count
                 A         B        C        D         E       F
            +---------+---------+-------+---------+---------+-------
      Total |    5401 |    2772 |  33.9 |     175 |      32 |  15.5
            +---------+---------+-------+---------+---------+-------
        D:1 |      38 |       0 |   0.0 |      23 |       0 |   0.0
        D:2 |      68 |       0 |   0.0 |      11 |       0 |   0.0
        D:3 |      84 |       0 |   0.0 |      21 |       0 |   0.0
        D:4 |     547 |      75 |  12.1 |      23 |       2 |   8.0
        D:5 |     426 |       0 |   0.0 |      17 |       0 |   0.0
        D:6 |     581 |     964 |  62.4 |      12 |      12 |  50.0
        D:7 |     828 |     183 |  18.1 |      25 |       7 |  21.9
        D:8 |    1841 |       0 |   0.0 |      25 |       0 |   0.0
        D:9 |     872 |    1220 |  58.3 |      15 |       7 |  31.8
       D:10 |     116 |     330 |  74.0 |       3 |       4 |  57.1
            +---------+---------+-------+---------+---------+-------
